Description

Here is a macro build order in PvZ! He is beginner friendly and easy to do. Your goal is to do a DT drop then an archon drop to kill some overlords and to force some production of units. Then you take your expand and you play a macro game using an Immortal archon chargelot army!

Some tips : - Open without Stargate - DT drop timing : 5min - Third + forge when you do your DT drop - Never stop production of units : Immortal DT and zealot - Timing push when you reach +1 attack, +2 attack then +3 attack

VOD

https://youtu.be/crmPB-bAqzM

Replay - ArKA v zuka - Dédale EC

Build Order

Get SALT Encoding   

  12  0:01  Probe  
  13  0:13  Probe  
  14  0:21  Pylon  
  14  0:23  Probe  
  15  0:35  Probe  
  15  0:42  Gateway  
  16  0:45  Probe  
  17  0:50  Assimilator  
  17  0:55  Probe  
  17  1:03  Probe  
  19  1:12  Probe  
  20  1:24  Nexus  
  20  1:34  Cybernetics Core  
  20  1:36  Probe  
  21  1:41  Assimilator  
  21  1:48  Probe  
  21  1:51  Pylon  
  23  2:11  Adept  
  23  2:12  Warp Gate  
  26  2:25  Twilight Council  
  29  2:38  Stalker  
  34  3:00  Robotics Facility  
  38  3:23  Dark Shrine  
  40  3:38  Adept  
  44  3:44  Assimilator  
  44  3:46  Pylon  
  44  3:55  Gateway x2  
  45  4:03  Warp Prism, Gateway  
  49  4:22  Pylon  
  50  4:26  Nexus  
  54  4:53  Dark Templar x2  
  54  4:59  Dark Templar x2  
  62  5:09  Charge  
  62  5:11  Pylon  
  62  5:21  Immortal  
  62  5:32  Gateway  
  62  5:35  Assimilator  
  68  5:39  Forge  
  68  5:40  Archon x2  
  71  5:57  Dark Templar x3, Immortal  
  78  6:11  Protoss Ground Weapons Level 1  
  88  6:34  Immortal  
  88  6:36  Gateway x2  
  91  6:41  Zealot x2  
  100  6:58  Archon  
  100  7:01  Dark Templar x3  
  100  7:03  Immortal  
  100  7:07  Zealot  
  108  7:08  Archon x2  
  112  7:19  Gateway x2  
  112  7:24  Zealot  
  110  7:33  Zealot x4  
  118  7:45  Zealot  
  116  8:09  Archon x2, Zealot  
  122  8:44  Protoss Ground Weapons Level 2  
  122  8:53  Immortal  
  138  9:11  Assimilator x2  
  138  9:16  Archon  
  146  9:33  Archon  
Spawning Tool Build Advisor. Get it on Overwolf

Go to:

Details

  • Created by: zuka      
  • Published on: Jul 07, 2018
  • Modified on: Jul 07, 2018
  • Patch: 4.0.0
Show
View Real Time Build Order
Export as new Build Order

Comments (0)

There are no comments. Be the first!

Create an account to comment!